Map: Lightshade LE

Players

SKillous - Winner!

  • Race: Protoss Protoss
  • League: Grandmaster
  • Spawn Location: 5:00

Denver

  • Race: Zerg Zerg
  • League: Master
  • Spawn Location: 11:00

Event: DreamHack SC2 Masters 2020 Winter

VOD

Have the link to the VOD?

Description

Time

  • Played on: Nov. 5, 2020, 12:02 p.m.
  • Length: 13:48

All games in this series

Show
View Real Time Build Order
Export as new Build Order

SKillous Protoss - Winner!

Build Orders: 1 Gate Expand, Oracle Opening, Archon Immortal 

Get SALT Encoding   

  12  0:00  Probe  
  13  0:12  Probe  
  14  0:20  Pylon  
  14  0:24  Probe  
  15  0:38  Probe (Chrono Boost)  
  16  0:43  Gateway  
  16  0:48  Assimilator, Probe (Chrono Boost)  
  17  0:53  Probe (Chrono Boost)  
  18  1:04  Probe  
  19  1:16  Probe  
  20  1:24  Nexus  
  20  1:34  Cybernetics Core  
  20  1:37  Probe  
  21  1:44  Assimilator  
  21  1:49  Probe  
  21  1:52  Pylon  
  22  2:01  Probe  
  22  2:08  Adept (Chrono Boost)  
  23  2:13  Probe  
  26  2:18  Stargate  
  26  2:26  Warp Gate, Probe (Chrono Boost)  
  26  2:28  Adept (Chrono Boost)  
  27  2:36  Probe (Chrono Boost)  
  30  2:43  Probe (Chrono Boost)  
  31  2:45  Probe (Chrono Boost)  
  31  2:50  Probe (Chrono Boost)  
  33  2:52  Adept  
  33  2:54  Void Ray (Chrono Boost)  
  33  2:57  Probe  
  36  3:03  Probe  
  41  3:09  Probe  
  41  3:11  Pylon  
  42  3:15  Probe  
  43  3:21  Probe  
  43  3:25  Gateway  
  44  3:27  Probe  
  44  3:31  Oracle  
  44  3:34  Probe (Chrono Boost)  
  49  3:39  Probe (Chrono Boost)  
  50  3:48  Twilight Council  
  51  3:51  Probe x2 (Chrono Boost)  
  52  3:56  Probe (Chrono Boost)  
  52  3:58  Probe (Chrono Boost)  
  52  4:02  Nexus  
  54  4:07  Pylon  
  54  4:17  Assimilator  
  54  4:19  Assimilator  
  54  4:25  Probe (Chrono Boost)  
  54  4:26  Dark Shrine  
  54  4:30  Probe (Chrono Boost)  
  56  4:35  Probe (Chrono Boost)  
  58  4:39  Probe (Chrono Boost)  
  58  4:40  Robotics Facility, Probe (Chrono Boost)  
  58  4:44  Forge  
  59  4:46  Shield Battery  
  59  4:47  Pylon  
  59  4:49  Probe  
  59  4:51  Probe  
  61  4:58  Pylon  
  61  5:00  Pylon  
  61  5:02  Probe (Chrono Boost)  
  61  5:03  Probe (Chrono Boost)  
  62  5:09  Sentry x2  
  67  5:15  Probe (Chrono Boost)  
  67  5:16  Probe (Chrono Boost)  
  67  5:17  Protoss Ground Weapons Level 1 (Chrono Boost)  
  67  5:18  Probe (Chrono Boost)  
  67  5:20  Charge  
  69  5:24  Probe x2 (Chrono Boost)  
  69  5:26  Probe (Chrono Boost)  
  72  5:30  Warp Prism  
  72  5:32  Probe x2 (Chrono Boost)  
  72  5:33  Probe (Chrono Boost)  
  77  5:40  Pylon, Probe x2  
  77  5:41  Gateway  
  77  5:42  Gateway, Probe  
  80  5:47  Gateway  
  80  5:48  Gateway  
  80  5:52  Probe  
  80  5:53  Probe  
  80  5:54  Probe  
  83  6:01  Assimilator  
  83  6:02  Assimilator, Zealot  
  83  6:03  Zealot  
  87  6:06  Immortal (Chrono Boost)  
  90  6:15  Probe  
  90  6:17  Probe x2  
  93  6:22  Pylon  
  93  6:25  Pylon  
  93  6:27  Pylon  
  93  6:33  Dark Templar x2  
  93  6:38  Gateway x2, Dark Templar x2  
  101  6:42  Pylon, Immortal (Chrono Boost)  
  105  6:50  Photon Cannon  
  105  6:59  Templar Archives  
  105  7:02  Archon  
  105  7:04  Archon  
  105  7:05  Zealot x4  
  105  7:08  Pylon  
  113  7:11  Immortal (Chrono Boost)  
  117  7:27  Dark Templar x5  
  117  7:29  Dark Templar  
  129  7:30  Pylon  
  129  7:31  Archon x2  
  129  7:34  Archon  
  129  7:36  Protoss Ground Weapons Level 2 (Chrono Boost)  
  129  7:44  Observer (Chrono Boost)  
  129  7:46  Nexus, Probe x2  
  129  7:47  Probe  
  132  8:01  Stalker x3  
  132  8:06  Probe x3  
  132  8:07  Stalker x3  
  137  8:15  Blink  
  137  8:18  Shield Battery, Probe x3  
  138  8:23  Shield Battery  
  134  8:29  Phoenix (Chrono Boost)  
  134  8:30  Probe  
  134  8:33  Photon Cannon, Shield Battery  
  137  8:34  Probe  
  137  8:35  Photon Cannon  
  137  8:37  Probe  
  139  8:45  Phoenix (Chrono Boost)  
  141  8:52  Zealot x5  
  141  8:55  Pylon  
  151  8:59  Pylon  
  151  9:07  Phoenix (Chrono Boost)  
  153  9:10  Zealot x3  
  139  9:24  Zealot x5  
  139  9:27  Immortal  
  145  9:33  Phoenix (Chrono Boost)  
  147  9:48  Zealot x7  
  147  9:49  Zealot  
  163  9:55  Phoenix (Chrono Boost)  
  151  10:13  Phoenix  
  145  10:16  Zealot x6  
  145  10:17  Zealot  
  145  10:32  Zealot  
  139  10:38  Phoenix  
  121  10:44  Warp Prism  
  121  10:46  Protoss Ground Weapons Level 3 (Chrono Boost)  
  105  10:51  Zealot x7  
  110  11:03  Phoenix  
  111  11:09  Sentry  
  113  11:17  Nexus  
  113  11:19  Pylon  
  113  11:27  High Templar x2  
  113  11:28  High Templar x5  
  113  11:30  Phoenix  
  129  11:37  Pylon  
  129  11:40  Probe  
  129  11:44  Archon x2  
  129  11:45  Archon  
  130  11:47  High Templar  
  130  11:49  Shield Battery  
  130  11:50  Probe x2, Immortal (Chrono Boost)  
  130  11:52  Probe  
  139  11:58  Phoenix  
  141  12:03  Archon  
  141  12:08  High Templar  
  141  12:09  High Templar x3  
  141  12:10  Sentry x2  
  141  12:14  Archon  
  141  12:15  Archon  
  153  12:24  Stargate  
  153  12:26  Fleet Beacon  
  153  12:27  Assimilator  
  153  12:28  Psionic Storm  
  153  12:30  Stargate  
  153  12:31  Assimilator  
  153  12:33  Shield Battery, Immortal  
  153  12:36  Shield Battery  
  157  12:37  Pylon  
  157  12:42  Zealot x3  
  163  12:49  Shield Battery  
  163  12:50  Shield Battery  
  163  12:54  High Templar x2  
  167  13:05  High Templar  
  169  13:06  Zealot x4  
  169  13:09  Zealot  
  165  13:32  Zealot x7  
Show
View Real Time Build Order
Export as new Build Order

Denver Zerg 

Build Orders: Hatch First 

Get SALT Encoding   

  12  0:00  Drone  
  13  0:12  Overlord  
  13  0:17  Drone  
  14  0:31  Drone x2  
  16  0:48  Hatchery  
  15  0:52  Drone  
  15  0:55  Drone  
  17  0:58  Drone  
  18  1:09  Extractor  
  17  1:14  Spawning Pool  
  17  1:18  Drone  
  17  1:22  Drone  
  18  1:29  Drone  
  19  1:39  Drone  
  20  1:50  Overlord  
  20  2:01  Queen x2  
  20  2:02  Zergling x2  
  20  2:03  Zergling x2  
  26  2:10  Metabolic Boost  
  26  2:12  Drone  
  26  2:15  Drone  
  29  2:22  Drone  
  29  2:23  Drone  
  30  2:37  Hatchery  
  30  2:40  Drone  
  30  2:42  Drone  
  31  2:46  Overlord  
  31  2:49  Drone  
  32  2:54  Drone x2  
  34  3:00  Queen  
  36  3:08  Drone x2  
  36  3:12  Overlord  
  38  3:13  Drone  
  38  3:16  Drone x2  
  41  3:20  Overlord  
  41  3:27  Queen  
  41  3:28  Spore Crawler  
  41  3:32  Spore Crawler  
  41  3:33  Drone  
  42  3:37  Overlord  
  42  3:40  Drone  
  43  3:46  Drone  
  43  3:47  Drone x2  
  46  3:52  Queen  
  48  3:56  Drone x2  
  48  3:59  Drone  
  48  4:01  Spore Crawler  
  49  4:07  Drone  
  50  4:10  Queen  
  50  4:16  Roach Warren  
  51  4:17  Drone x3  
  51  4:18  Extractor  
  51  4:22  Zergling x2  
  51  4:23  Zergling x4  
  56  4:26  Overlord  
  56  4:30  Drone  
  57  4:36  Drone  
  57  4:37  Drone x5  
  63  4:43  Lair  
  63  4:48  Drone x4, Extractor  
  66  4:56  Overlord  
  66  4:58  Drone x3  
  68  5:01  Drone x2  
  68  5:06  Extractor  
  68  5:08  Zergling x2  
  68  5:09  Zergling x4  
  68  5:14  Drone x3  
  74  5:16  Extractor x2  
  74  5:17  Evolution Chamber  
  71  5:24  Drone  
  71  5:25  Drone x5  
  77  5:31  Drone  
  77  5:32  Drone  
  78  5:35  Drone x2  
  78  5:37  Drone x2  
  78  5:39  Glial Reconstitution  
  78  5:41  Overseer  
  81  5:43  Drone  
  81  5:44  Zerg Missile Weapons Level 1  
  81  5:45  Overlord  
  81  5:48  Spire  
  80  5:50  Overlord  
  79  6:02  Drone x2  
  81  6:04  Hatchery  
  81  6:05  Drone  
  81  6:06  Drone x2  
  81  6:10  Roach  
  81  6:11  Roach x3  
  90  6:13  Overlord  
  90  6:18  Roach x2  
  94  6:22  Roach  
  94  6:23  Roach  
  95  6:28  Overlord x2  
  95  6:29  Overseer  
  95  6:33  Roach  
  95  6:35  Overlord x2  
  97  6:43  Overlord  
  97  6:47  Roach x7  
  97  6:50  Overseer  
  97  6:51  Overlord  
  112  7:00  Hatchery  
  111  7:06  Mutalisk x7  
  125  7:13  Zerg Flyer Weapons Level 1  
  125  7:14  Mutalisk x2  
  129  7:16  Overlord  
  129  7:19  Overseer  
  129  7:22  Mutalisk  
  129  7:26  Roach x3  
  129  7:28  Overlord x2  
  137  7:31  Overlord  
  137  7:33  Overlord  
  137  7:35  Overlord  
  137  7:40  Roach x3  
  137  7:41  Overlord  
  143  7:45  Overlord, Ravager x3  
  143  7:49  Roach x2  
  150  7:57  Roach x5  
  151  8:06  Roach x5  
  161  8:18  Mutalisk x2  
  161  8:19  Drone x5  
  173  8:20  Drone x3  
  173  8:28  Overseer, Ravager x3  
  173  8:29  Zergling x2  
  173  8:30  Zergling x10  
  182  8:37  Ravager x2  
  184  8:42  Zergling x18  
  184  8:47  Spore Crawler  
  192  8:48  Ravager  
  192  8:49  Extractor, Ravager  
  188  9:14  Roach  
  188  9:15  Roach x8  
  193  9:20  Roach  
  193  9:21  Roach x6  
  187  9:24  Roach  
  187  9:25  Roach x4  
  187  9:26  Overlord x2  
  187  9:30  Overlord  
  183  9:31  Overlord  
  183  9:36  Mutalisk  
  183  9:37  Mutalisk x2  
  171  9:41  Roach x4  
  181  9:45  Roach x2  
  181  9:46  Roach  
  183  9:57  Zergling x4  
  183  9:58  Zergling x16  
  177  10:03  Roach  
  177  10:04  Roach x3  
  172  10:12  Roach  
  172  10:13  Roach x5  
  156  10:19  Roach x3  
  135  10:23  Queen, Roach x3  
  135  10:26  Ravager x3  
  135  10:29  Roach x4  
  120  10:37  Roach x4  
  116  10:44  Roach  
  116  10:45  Roach x2  
  108  10:50  Drone x5  
  108  10:51  Drone  
  108  10:53  Ravager x3  
  115  10:58  Drone x4  
  115  11:03  Roach x2  
  123  11:08  Roach x2  
  123  11:10  Roach  
  129  11:13  Drone x3  
  129  11:14  Drone  
  129  11:15  Drone  
  128  11:19  Queen  
  128  11:24  Hydralisk Den  
  126  11:29  Roach  
  126  11:30  Roach x4  
  131  11:37  Overseer  
  131  11:52  Extractor  
  131  11:53  Muscular Augments, Hydralisk x10  
  150  12:01  Hydralisk  
  150  12:02  Hydralisk x3  
  150  12:08  Hydralisk x2  
  156  12:17  Hydralisk x3  
  156  12:18  Roach  
  156  12:19  Roach  
  166  12:28  Roach x3  
  172  12:39  Roach x7  
  172  12:40  Roach  
  188  12:51  Hydralisk  
  188  12:52  Roach x5  
  200  13:01  Roach x2  
  189  13:20  Roach x5  
  189  13:21  Roach  
  189  13:26  Overseer x2  
Tags
 
Add a new tag
Caveats
  • Supply blocks, unpowered buildings, or Contaminate may cause inaccurate times.
  • Supply counts are checked every 10 seconds.